 Dungeon Crawl Stone Soup version 0.29-a0-870-g2c972031a6 (webtiles) character file.

Game seed: 7362244169882599103

704 Nato the Changer (level 7, 0/46 HPs)
             Began as an Octopode Transmuter on July 17, 2022.
             Was a Follower of Cheibriados.
             Slain by a steam dragon (2 damage)
             ... on level 5 of the Dungeon.
             The game lasted 00:10:59 (5339 turns).

Nato the Changer (Octopode Transmuter)              Turns: 5339, Time: 00:11:00

Health: 0/46       AC:  1    Str: 13    XL:     7   Next: 66%
Magic:  7/10       EV: 14    Int: 18    God:    Cheibriados [*.....]
Gold:   286        SH:  0    Dex: 14    Spells: 4/10 levels left

rFire   . . .      SeeInvis .     - Unarmed
rCold   . . .      Faith    .   (no shield)
rNeg    . . .      Spirit   .   (helmet restricted)
rPois   .          Reflect  .   g - amulet of regeneration
rElec   .          Harm     .   l - ring of willpower
rCorr   .          Rampage  .   (no ring)
Will    +....                   (no ring)
Stlth   ++........              (no ring)
HPRegen 0.95/turn               (no ring)
MPRegen 0.12/turn               (no ring)
                                (no ring)
                                (no ring)

@: very slow
A: almost no armour, amphibious, 8 rings, camouflage 1, gelatinous body 1,
(nimble swimmer 1), tentacles
a: Renounce Religion, Bend Time


You were on level 5 of the Dungeon.
You worshipped Cheibriados.
Cheibriados was aware of your devotion.
You visited 2 branches of the dungeon, and saw 6 of its levels.
You also visited: Sewer.

You collected 286 gold pieces.

Inventory:

Missiles
 r - 2 throwing nets
Jewellery
 g - an amulet of regeneration (around mantle)
 l - a ring of willpower (left tentacle)
Scrolls
 b - a scroll of blinking
 c - a scroll of silence {unknown}
 e - 2 scrolls of teleportation {unknown}
 f - 3 scrolls of enchant weapon
 i - 2 scrolls of noise
 k - a scroll of identify
Potions
 a - a potion of invisibility {unknown}
 d - a potion of might
 h - 2 potions of magic
 j - 2 potions of curing {unknown}
 m - a potion of brilliance {unknown}
 n - a potion of resistance {unknown}
 o - 2 potions of mutation {unknown}
 p - a potion of ambrosia {unknown}
 q - a potion of attraction {unknown}
 s - a potion of flight {unknown}


   Skills:
 - Level 3.0 Fighting
 - Level 3.0 Dodging
 + Level 4.8 Unarmed Combat
 - Level 2.0 Spellcasting
 * Level 5.8 Transmutations
 - Level 1.0 Poison Magic
 + Level 2.3 Invocations


You had 4 spell levels left.
You knew the following spells:

 Your Spells              Type           Power      Damage    Failure   Level
a - Beastly Appendage     Tmut           44%        N/A       1%          1
b - Wereblood             Tmut           22%        N/A       2%          2
c - Spider Form           Tmut/Pois      14%        N/A       13%         3

Your spell library contained the following spells:

 Spells                   Type           Power      Damage    Failure   Level
 Shock                    Conj/Air       4%         1d3       19%         1
 Ignite Poison            Fire/Tmut/Pois 10%        N/A       22%         3
 Conjure Flame            Conj/Fire      1%         6-21      47%         3
 Dazzling Flash           Conj/Hex       2%         N/A       47%         3
 Swiftness                Air            1%         N/A       47%         3
 Tukima's Dance           Hex            1%         N/A       47%         3
 Ice Form                 Ice/Tmut       12%        N/A       47%         4
 Airstrike                Air            0%         0-2+      87%         4
 Iskenderun's Mystic Bla  Conj/Tloc      1%         2d3       87%         4
 Passage of Golubria      Tloc           1%         N/A       87%         4
 Sticky Flame             Conj/Fire      1%         2d3       87%         4
 Yara's Violent Unravell  Hex/Tmut       6%         3d5       83%         5
 Starburst                Conj/Fire      0%         6d3       100%        6


Dungeon Overview and Level Annotations

Branches:
Dungeon (5/15)             Temple (1/1) D:4           Sewer (visited)

Altars:
Cheibriados
Dithmenos
Elyvilon
Fedhas
Gozag
Hepliaklqana
Kikubaaqudgha
Makhleb
Nemelex Xobeh
Okawaru
Qazlal
Ru
Sif Muna
Trog
Uskayaw
Vehumet
Xom
Yredelemnul
Zin
The Shining One


Innate Abilities, Weirdness & Mutations

You cannot wear most types of armour.
You are amphibious.
You can wear up to eight rings at the same time.
Your skin changes colour to match your surroundings (Stealth+).
Your rubbery body absorbs attacks. (AC +1, EV +1)
((You are camouflaged when in or above water. (Stealth+)))
You have tentacles for arms and can constrict up to eight enemies at once.


Message History

The steam dragon breathes steam at you. The ball of steam misses you.
You see here a +0 ring mail.
The steam dragon breathes steam at you. The ball of steam misses you.
Your transformation is almost over.
The steam dragon closely misses you. The steam dragon claws you.
You hit the steam dragon but do no damage.
The steam dragon is poisoned.
You are engulfed in a cloud of scalding steam.
The steam dragon closely misses you. The steam dragon completely misses you.
You hit the steam dragon but do no damage.
The steam dragon is lightly wounded.
The steam dragon misses you. x2
You hit the steam dragon.
The steam dragon looks as sick as possible!
The steam dragon is moderately wounded.
The steam dragon closely misses you. x2
You see here a +0 ring mail.
The steam dragon attacks as you move away!
The steam dragon bites you! The steam dragon misses you.
The steam dragon attacks as you move away!
The steam dragon misses you. x2
The steam dragon breathes steam at you. The ball of steam hits you!!
You are too injured to fight recklessly!
You hit the steam dragon.
The steam dragon looks as sick as possible!
The steam dragon is severely wounded.
You are engulfed in a cloud of scalding steam.
* * * LOW HITPOINT WARNING * * *
The steam dragon misses you. The steam dragon claws you.
* * * LOW HITPOINT WARNING * * *
You hit the steam dragon.
The steam dragon is severely wounded.
You are engulfed in a cloud of scalding steam.
* * * LOW HITPOINT WARNING * * *
Your transformation has ended.
The steam dragon bites you.
You die...

..........#.### ##
..###.........## ###.# ..#
########...#####...# .##
##.....##.#)# .##
##..#.##.#.### ..####
#............# #.....##
##.#..........# ####..#
#..#.§§§§.....#
.#####.#####..[D@.§§.....#
..............##§§.§§#<###
######......####..#..#.########
#......#...####...#..#.##.....#
..#######.........#..#..#.....#
D.#######...###.#....##.#.....#
#.....#§.....##.#.#.....#.....#
........#.##......)...........#
...D......##.......##.#.#.....#


You could see a steam dragon (extremely poisoned, catching breath).

Vanquished Creatures
  A water moccasin (Sewer)
  A sky beast (D:4)
  An ogre (D:5)
  A centaur (D:5)
  A howler monkey (D:4)
  An orc priest (D:3)
  A hound (D:4)
  A gnoll bouda (D:4)
  An iguana (D:5)
  3 gnolls (D:4)
  7 adders
  2 dart slugs
  6 orcs
  7 ball pythons
  3 bats
  8 endoplasms
  5 giant cockroaches
  10 goblins
  6 hobgoblins
  8 jackals
  2 quokkas (D:3)
  9 frilled lizards
  8 kobolds
  6 rats
99 creatures vanquished.

Notes
Turn   | Place    | Note
-------+----------+-------------------------------------------
     0 | D:1      | Nato the Octopode Transmuter began the quest for the Orb.
     0 | D:1      | Reached XP level 1. HP: 13/13 MP: 3/3
   403 | D:1      | Reached XP level 2. HP: 18/18 MP: 3/5
   895 | D:2      | Found a faded altar of an unknown god.
  1408 | D:2      | Reached XP level 3. HP: 17/23 MP: 4/6
  2114 | D:3      | Reached skill level 3 in Transmutations
  2114 | D:3      | Reached XP level 4. HP: 29/29 MP: 7/7
  2217 | D:3      | Learned a level 2 spell: Wereblood
  2235 | D:3      | Found a glowing drain.
  2242 | Sewer    | Entered a sewer
  2325 | Sewer    | Noticed a water moccasin
  2578 | Sewer    | Killed a water moccasin
  2579 | Sewer    | Reached XP level 5. HP: 10/35 MP: 8/8
  2991 | D:3      | Reached skill level 4 in Transmutations
  2999 | D:3      | Reached XP level 6. HP: 38/41 MP: 6/9
  3479 | D:4      | Found a staircase to the Ecumenical Temple.
  3642 | Temple   | Entered the Ecumenical Temple
  3824 | Temple   | Became a worshipper of Cheibriados the Contemplative
  3905 | D:4      | Learned a level 3 spell: Spider Form
  4096 | D:4      | Noticed a sky beast
  4113 | D:4      | Killed a sky beast
  4114 | D:4      | Reached skill level 5 in Transmutations
  4114 | D:4      | Reached skill level 1 in Poison Magic
  4114 | D:4      | Reached skill level 1 in Invocations
  4114 | D:4      | Reached XP level 7. HP: 35/46 MP: 7/10
  4453 | D:5      | Entered Level 5 of the Dungeon
  4453 | D:5      | Noticed a steam dragon
  4608 | D:5      | Reached * piety under Cheibriados
  5339 | D:5      | HP: 1/46 [steam dragon] (9)]
  5339 | D:5      | Slain by a steam dragon

Illustrated notes

Levels and vault maps discovered:
D:1:      heliophobic_arrival_henge, layout_rooms, minmay_tetromino_t2
D:2:      layout_rooms, nicolae_ecumenical_pavilion, minmay_misc_feat_encased
D:3:      layout_rooms, gup_sewer_entry_bowl
D:4:      cheibrodos_barr_body, layout_basic, temple_statues
D:5:      layout_rooms, minmay_misc_feat_hallway
Temple:   nicolae_temple_slightly_damp_pantheon

Skill      XL: |  1  2  3  4  5  6  7 |
---------------+----------------------+-----
Transmutations | 3 4 5 |  5.8
Fighting       | 2 3 |  3.0
Dodging        | 3 |  3.0
Unarmed Combat | 4 |  4.8
Poison Magic   | 1 |  1.0
Invocations    | 1 2 |  2.3
Spellcasting   | |  2.0

Action                   |  1- 3 |  4- 6 |  7- 9 || total
-------------------------+-------+-------+-------++-------
Melee: Unarmed           |    82 |   103 |    49 ||   234
       Tentacles         |    14 |    18 |       ||    32
       Constrict         |    19 |    26 |     1 ||    46
       Kick              |    20 |    32 |     2 ||    54
       Punch             |     1 |     1 |       ||     2
 Cast: Beastly Appendage |    29 |    24 |     1 ||    54
       Wereblood         |       |     6 |     4 ||    10
       Spider Form       |       |       |    11 ||    11
  Use: Potion            |       |     2 |       ||     2
       Scroll            |       |     5 |       ||     5
 Stab: Sleeping          |     3 |     1 |       ||     4
Armor: Skin              |    10 |    20 |     5 ||    35
Dodge: Dodged            |    52 |    45 |    66 ||   163

Table legend: (Time is in decaauts)
 A = Elapsed time spent in this place.
 B = Non-inter-level travel time spent in this place.
 C = Inter-level travel time spent in this place.
 D = Time resting spent in this place.
 E = Time spent auto-exploring this place.
 F = Levels seen in this place.
 G = Mean time per level.
                   A        B        C        D        E       F      G
               +--------+--------+--------+--------+--------+-----+--------+
         Total |   5577 |   5353 |    224 |   1262 |   3163 |   7 |  796.7 |
       Dungeon |   4846 |   4651 |    195 |    918 |   2928 |   5 |  969.2 |
        Temple |    200 |    172 |     28 |      0 |    144 |   1 |  200.0 |
         Sewer |    531 |    531 |      0 |    344 |     91 |   1 |  531.0 |
               +--------+--------+--------+--------+--------+-----+--------+

Top non-repeatable levels by time:
     D:4: 1380 daAuts
     D:1: 1231 daAuts
     D:2: 844 daAuts
     D:5: 833 daAuts
     D:3: 557 daAuts
   Sewer: 531 daAuts
  Temple: 200 daAuts
